[Event "European Online Club-ch-F 2021"]
[Site "Online"]
[Date "2021.03.27"]
[Round "6.12"]
[White "Grandell, Anders"]
[Black "Delorme, Axel"]
[Result "1/2-1/2"]
[ECO "E11"]
[WhiteElo "2296"]
[BlackElo "2480"]
[Annotator "ChessBase"]
[PlyCount "86"]
[EventDate "2021.03.27"]
[EventType "team-tourn"]
[EventCountry "NET"]
[SourceTitle "playchess.com"]
[Source "ChessBase"]
[SourceQuality "1"]
[TimeControl "900+5"]

1. d4 Nf6 2. c4 e6 3. Nf3 Bb4+ 4. Bd2 c5 5. Bxb4 cxb4 6. g3 d6 7. Bg2 Nc6 8. O-O O-O 9. a3 bxa3 10. Nxa3 e5 11. Nb5 e4 12. Nd2 Bf5 13. c5 dxc5 14. dxc5 Qe7 15. Nd6 Bg6 16. N2c4 Rfd8 17. Qd2 Ne5 18. Qd4 Nxc4 19. Qxc4 b6 20. b4 a5 21. Rfd1 bxc5 22. bxc5 Rab8 23. Rxa5 e3 24. f3 Ne8 25. Qd4 Qc7 26. Raa1 Rbc8 27. Qxe3 Nxd6 28. cxd6 Rxd6 29. Rxd6 Qxd6 30. Rc1 Rd8 31. Qf2 Qd2 32. Ra1 Bc2 33. h4 h5 34. Bf1 g6 35. Ra7 Bb3 36. Qb6 Be6 37. Qc5 Qd1 38. Kf2 Qd2 39. Qe3 Qd6 40. Bg2 Qd1 41. Bf1 Qd6 42. Bg2 Qd1 43. Bf1 Qd6 1/2-1/2

[Event "European Online Club-ch-F 2021"]
[Site "Online"]
[Date "2021.03.27"]
[Round "6.13"]
[White "Moiseenko, Alexander"]
[Black "Gokerkan, Cem Kaan"]
[Result "0-1"]
[ECO "E52"]
[WhiteElo "2620"]
[BlackElo "2470"]
[Annotator "ChessBase"]
[PlyCount "108"]
[EventDate "2021.03.27"]
[EventType "team-tourn"]
[EventCountry "NET"]
[SourceTitle "playchess.com"]
[Source "ChessBase"]
[SourceQuality "1"]
[TimeControl "900+5"]

1. d4 Nf6 2. c4 e6 3. Nc3 Bb4 4. Nf3 b6 5. e3 O-O 6. Bd3 Bb7 7. O-O d5 8. cxd5 exd5 9. Ne5 Nbd7 10. f4 Ne4 11. Nxe4 dxe4 12. Bc4 Nxe5 13. fxe5 Bd5 14. Qb3 Bxc4 15. Qxc4 Be7 16. Qc6 f5 17. Bd2 Kh8 18. Rac1 Rc8 19. b4 Bg5 20. d5 Qe8 21. e6 Qxc6 22. Rxc6 Rcd8 23. h4 Bxh4 24. Rxc7 Rxd5 25. Bc3 Bf6 26. Bxf6 gxf6 27. Rxa7 Rg8 28. Rd7 Re5 29. Rc1 Rxe6 30. Rcc7 Ra8 31. Rxh7+ Kg8 32. Rcg7+ Kf8 33. Rb7 Kg8 34. Rhc7 Rd8 35. Kf2 f4 36. exf4 e3+ 37. Ke1 e2 38. Rg7+ Kf8 39. Rbf7+ Ke8 40. Rg8+ Kxf7 41. Rxd8 Re4 42. a3 Kg6 43. Rd6 b5 44. Rd5 Re3 45. Rxb5 Rxa3 46. Kxe2 Rb3 47. Kf2 Rb2+ 48. Kf3 Rb3+ 49. Kg4 Rb2 50. g3 Rb3 51. f5+ Kh6 52. Rb6 Kg7 53. Kf4 Rc3 54. Kg4 Rd3 0-1

[Event "European Online Club-ch-F 2021"]
[Site "Online"]
[Date "2021.03.27"]
[Round "6.14"]
[White "Can, Isik"]
[Black "Smirin, Ilia"]
[Result "0-1"]
[ECO "B41"]
[WhiteElo "2380"]
[BlackElo "2614"]
[Annotator "ChessBase"]
[PlyCount "68"]
[EventDate "2021.03.27"]
[EventType "team-tourn"]
[EventCountry "NET"]
[SourceTitle "playchess.com"]
[Source "ChessBase"]
[SourceQuality "1"]
[TimeControl "900+5"]

1. e4 c5 2. Nf3 e6 3. d4 cxd4 4. Nxd4 a6 5. c4 Nf6 6. Nc3 Qc7 7. Be2 Bb4 8. Nc2 Bd6 9. h3 b6 10. O-O Bb7 11. Bd3 Bh2+ 12. Kh1 Bf4 13. Qf3 Bxc1 14. Raxc1 Nc6 15. Qe3 d6 16. f4 O-O 17. Qg3 Rfd8 18. Ne3 Qe7 19. Bb1 Rac8 20. b3 Ba8 21. Rce1 Nh5 22. Qg4 g6 23. Ned5 exd5 24. exd5 Qf6 25. Ne4 Qg7 26. Nxd6 Nf6 27. Qxc8 Rxc8 28. Nxc8 Qf8 29. Nxb6 Nd4 30. Rf2 Qb4 31. Rd1 Qxb6 32. Rfd2 Nf5 33. d6 Bc6 34. Bxf5 gxf5 0-1

[Event "European Online Club-ch-F 2021"]
[Site "Online"]
[Date "2021.03.27"]
[Round "6.17"]
[White "Agrest, Evgenij"]
[Black "Pechac, Jergus"]
[Result "0-1"]
[ECO "D00"]
[WhiteElo "2568"]
[BlackElo "2507"]
[Annotator "ChessBase"]
[PlyCount "82"]
[EventDate "2021.03.27"]
[EventType "team-tourn"]
[EventCountry "NET"]
[SourceTitle "playchess.com"]
[Source "ChessBase"]
[SourceQuality "1"]
[TimeControl "900+5"]

1. d4 Nf6 2. Nc3 d5 3. Bf4 e6 4. Nb5 Na6 5. e3 Be7 6. Nf3 O-O 7. Ne5 Nd7 8. Bd3 Nxe5 9. Bxe5 c6 10. Nc3 Nb4 11. a3 Nxd3+ 12. cxd3 f6 13. Bg3 Bd6 14. e4 Bxg3 15. hxg3 Qb6 16. Qe2 Rf7 17. O-O-O Qxd4 18. f4 b5 19. Rh4 Rb8 20. f5 Qe5 21. d4 Qxg3 22. Rdh1 h6 23. Rg4 Qc7 24. exd5 exf5 25. Rg6 Kf8 26. dxc6 Qxc6 27. Qd2 Bd7 28. Qf4 Re8 29. d5 Qc5 30. Rg3 g5 31. Qd2 f4 32. Rd3 Kg7 33. d6 Re5 34. Qd1 g4 35. Rd4 a5 36. Kb1 b4 37. Na2 bxa3 38. Qd2 axb2 39. Rxf4 Rd5 40. Rd4 Bf5+ 41. Kxb2 Qxd4+ 0-1

[Event "European Online Club-ch-F 2021"]
[Site "Online"]
[Date "2021.03.27"]
[Round "6.18"]
[White "Zwardon, Vojtech"]
[Black "Zhigalko, Andrey"]
[Result "1/2-1/2"]
[ECO "A36"]
[WhiteElo "2466"]
[BlackElo "2517"]
[Annotator "ChessBase"]
[PlyCount "40"]
[EventDate "2021.03.27"]
[EventType "team-tourn"]
[EventCountry "NET"]
[SourceTitle "playchess.com"]
[Source "ChessBase"]
[SourceQuality "1"]
[TimeControl "900+5"]

1. c4 c5 2. g3 Nc6 3. Bg2 g6 4. Nc3 Bg7 5. d3 e6 6. Bf4 d6 7. Nf3 Nge7 8. Rb1 h6 9. O-O e5 10. Bd2 Be6 11. a3 a5 12. Qc1 Rc8 13. Re1 d5 14. cxd5 Nxd5 15. Nxd5 Bxd5 16. Qxc5 Nb4 17. Qa7 Ra8 18. Qc5 Rc8 19. Qa7 Ra8 20. Qc5 Rc8 1/2-1/2

[Event "European Online Club-ch-F 2021"]
[Site "Online"]
[Date "2021.03.27"]
[Round "6.19"]
[White "Kazakouski, Valery"]
[Black "Druska, Juraj"]
[Result "1/2-1/2"]
[ECO "B07"]
[WhiteElo "2476"]
[BlackElo "2495"]
[Annotator "ChessBase"]
[PlyCount "74"]
[EventDate "2021.03.27"]
[EventType "team-tourn"]
[EventCountry "NET"]
[SourceTitle "playchess.com"]
[Source "ChessBase"]
[SourceQuality "1"]
[TimeControl "900+5"]

1. d4 d6 2. e4 Nf6 3. Nc3 e5 4. Nge2 Nbd7 5. g3 g6 6. Bg2 Bg7 7. O-O O-O 8. h3 c6 9. a4 b6 10. Be3 Bb7 11. f4 exd4 12. Nxd4 Re8 13. Re1 a6 14. Bf2 Qc7 15. Qd2 Rad8 16. Rad1 Nc5 17. b4 Ne6 18. Nb3 c5 19. Nd5 Nxd5 20. exd5 Nf8 21. a5 Nd7 22. axb6 Qxb6 23. bxc5 Nxc5 24. Nxc5 dxc5 25. Rb1 Qa7 26. Qa5 Bd4 27. Rxe8+ Rxe8 28. Bxd4 cxd4 29. Qb6 Qxb6 30. Rxb6 Bc8 31. Rb4 Bf5 32. Rxd4 Bxc2 33. d6 Rd8 34. Bf1 a5 35. Bb5 a4 36. Bxa4 Bxa4 37. Rxa4 Rxd6 1/2-1/2

[Event "European Online Club-ch-F 2021"]
[Site "Online"]
[Date "2021.03.27"]
[Round "6.20"]
[White "Jablonicky, Martin"]
[Black "Meribanov, Vitaly"]
[Result "1/2-1/2"]
[ECO "B20"]
[WhiteElo "2298"]
[BlackElo "2406"]
[Annotator "NA"]
[PlyCount "115"]
[EventDate "2021.03.27"]
[EventType "team-tourn"]
[EventCountry "NET"]
[SourceTitle "playchess.com"]
[Source "ChessBase"]
[SourceQuality "1"]
[TimeControl "900+5"]

1. e4 c5 2. a3 d5 3. exd5 Qxd5 4. Nc3 Qd8 5. Nf3 Nf6 6. Bb5+ Bd7 7. Bxd7+ Nbxd7 8. O-O e6 9. d3 Be7 10. Bf4 O-O 11. Ne5 Nxe5 12. Bxe5 Bd6 13. Bxf6 Qxf6 14. Ne4 Qf4 15. Nxd6 Qxd6 16. Qf3 b6 17. Rfe1 Rad8 18. Qg3 Qd4 19. Qe5 Rd5 20. Qxd4 cxd4 21. Re2 Rc8 22. Kf1 Rb5 23. Rb1 Rbc5 24. Rc1 Kf8 25. Ke1 Ke7 26. Kd2 Kd6 27. Re4 e5 28. f4 f6 29. fxe5+ fxe5 30. Rh4 h6 31. Rg4 R8c7 32. Rg6+ Kd5 33. c4+ dxc3+ 34. Rxc3 Rxc3 35. bxc3 e4 36. Rg4 exd3 37. Kxd3 Rf7 38. a4 g5 39. Rd4+ Kc5 40. Rc4+ Kd5 41. Rd4+ Kc6 42. h4 Rf5 43. hxg5 Rxg5 44. g4 b5 45. axb5+ Rxb5 46. Rf4 Rd5+ 47. Kc4 Rd6 48. Rf5 Rg6 49. Kb3 Kb6 50. Rh5 a5 51. c4 Ka6 52. Ka4 Kb6 53. Rb5+ Kc6 54. Rxa5 Rxg4 55. Ra6+ Kc5 56. Rxh6 Kxc4 57. Ka5 Rg5+ 58. Kb6 1/2-1/2

[Event "European Online Club-ch-F 2021"]
[Site "Online"]
[Date "2021.03.27"]
[Round "7.1"]
[White "Pechac, Jergus"]
[Black "Pulkkinen, Kari"]
[Result "1-0"]
[ECO "A57"]
[WhiteElo "2507"]
[BlackElo "2256"]
[Annotator "ChessBase"]
[PlyCount "63"]
[EventDate "2021.03.27"]
[EventType "team-tourn"]
[EventCountry "NET"]
[SourceTitle "playchess.com"]
[Source "ChessBase"]
[SourceQuality "1"]
[TimeControl "900+5"]

1. d4 Nf6 2. c4 c5 3. d5 b5 4. cxb5 a6 5. e3 g6 6. Nc3 Bg7 7. a4 O-O 8. e4 e6 9. e5 Ne8 10. Nf3 Bb7 11. Bc4 axb5 12. Nxb5 exd5 13. Bxd5 Bxd5 14. Qxd5 Nc6 15. O-O Nc7 16. Nxc7 Qxc7 17. Qxc5 Ra5 18. Qc3 Rb8 19. b3 Qb7 20. Bd2 Rd5 21. Bf4 Qxb3 22. Qxb3 Rxb3 23. Rad1 Rxd1 24. Rxd1 Rb4 25. g3 Rxa4 26. Rxd7 h6 27. h4 Re4 28. Kg2 Ra4 29. Rc7 Nd4 30. Nxd4 Rxd4 31. e6 Re4 32. exf7+ 1-0

[Event "European Online Club-ch-F 2021"]
[Site "Online"]
[Date "2021.03.27"]
[Round "7.2"]
[White "Prieur, Eetu"]
[Black "Zwardon, Vojtech"]
[Result "1-0"]
[ECO "B21"]
[WhiteElo "2172"]
[BlackElo "2466"]
[Annotator "ChessBase"]
[PlyCount "89"]
[EventDate "2021.03.27"]
[EventType "team-tourn"]
[EventCountry "NET"]
[SourceTitle "playchess.com"]
[Source "ChessBase"]
[SourceQuality "1"]
[TimeControl "900+5"]

1. e4 c5 2. d4 cxd4 3. c3 dxc3 4. Nxc3 Nc6 5. Nf3 e6 6. Bc4 a6 7. O-O Nge7 8. Bg5 h6 9. Be3 Ng6 10. Bb3 Be7 11. Na4 d6 12. Nb6 Rb8 13. Qd2 Nge5 14. Nxe5 dxe5 15. Rfd1 O-O 16. Qc3 Nd4 17. Rxd4 exd4 18. Bxd4 Bf6 19. e5 Bg5 20. Rd1 Qe7 21. h4 Bxh4 22. Bc5 Qc7 23. Qb4 Bd8 24. Nxc8 a5 25. Qa3 Rxc8 26. Bxf8 Qxe5 27. Qd6 Bf6 28. Qxe5 Bxe5 29. Be7 b5 30. Rd8+ Rxd8 31. Bxd8 a4 32. Bc2 Bxb2 33. Kf1 Bd4 34. Be7 Bc3 35. a3 f6 36. Bd3 Kf7 37. Bc5 b4 38. axb4 a3 39. Bc4 Ke8 40. Bxe6 Kd8 41. Bd6 Be5 42. Bxe5 fxe5 43. Ke2 Kc7 44. Kd3 a2 45. Bxa2 1-0

[Event "European Online Club-ch-F 2021"]
[Site "Online"]
[Date "2021.03.27"]
[Round "7.3"]
[White "Druska, Juraj"]
[Black "Graeffe, Petri"]
[Result "1/2-1/2"]
[ECO "B40"]
[WhiteElo "2495"]
[BlackElo "2043"]
[Annotator "ChessBase"]
[PlyCount "127"]
[EventDate "2021.03.27"]
[EventType "team-tourn"]
[EventCountry "NET"]
[SourceTitle "playchess.com"]
[Source "ChessBase"]
[SourceQuality "1"]
[TimeControl "900+5"]

1. e4 c5 2. Nf3 e6 3. b3 Nf6 4. e5 Nd5 5. c4 Nc7 6. d4 cxd4 7. Nxd4 Nc6 8. Nxc6 dxc6 9. Qxd8+ Kxd8 10. Bd3 Bb4+ 11. Ke2 a5 12. a3 Bc5 13. Bb2 b5 14. Nd2 bxc4 15. bxc4 Na6 16. Bc3 Bb6 17. Rab1 Bc7 18. Ne4 Ke7 19. f4 Bd7 20. c5 Rhb8 21. Rxb8 Nxb8 22. Rb1 Bc8 23. Be1 Nd7 24. g3 h6 25. Bc3 Bb8 26. Ke3 Ba7 27. Bd4 f5 28. exf6+ gxf6 29. Kd2 f5 30. Nc3 Bxc5 31. Bxc5+ Nxc5 32. Bc4 Ba6 33. Bxa6 Rxa6 34. Rb8 Kf6 35. Ke3 Ra7 36. Rc8 Rd7 37. Ne2 Rd3+ 38. Kf2 Ne4+ 39. Ke1 Rd6 40. Rf8+ Kg7 41. Ra8 Rd5 42. Ra6 Rc5 43. Nd4 Rc1+ 44. Ke2 Rh1 45. Rxc6 Rxh2+ 46. Kf3 Rf2+ 47. Ke3 Ra2 48. Nxe6+ Kf7 49. Nd8+ Ke8 50. Nb7 Rxa3+ 51. Kd4 Kd7 52. Rxh6 Nxg3 53. Ra6 Ne2+ 54. Ke5 a4 55. Nc5+ Kc7 56. Nxa4 Ng3 57. Ra7+ Kb8 58. Rg7 Nh5 59. Rg8+ Kc7 60. Rg5 Nxf4 61. Kxf4 Rxa4+ 62. Kxf5 Ra5+ 63. Kg6 Rxg5+ 64. Kxg5 1/2-1/2

[Event "European Online Club-ch-F 2021"]
[Site "Online"]
[Date "2021.03.27"]
[Round "7.4"]
[White "Kivilahti, Rami"]
[Black "Jablonicky, Martin"]
[Result "1/2-1/2"]
[ECO "E61"]
[WhiteElo "1962"]
[BlackElo "2298"]
[Annotator "NA"]
[PlyCount "114"]
[EventDate "2021.03.27"]
[EventType "team-tourn"]
[EventCountry "NET"]
[SourceTitle "playchess.com"]
[Source "ChessBase"]
[SourceQuality "1"]
[TimeControl "900+5"]

1. d4 Nf6 2. Nf3 g6 3. c4 Bg7 4. Nc3 O-O 5. Bg5 c5 6. e3 cxd4 7. exd4 d5 8. Bxf6 exf6 9. Nxd5 Bg4 10. Be2 Nc6 11. O-O f5 12. Rb1 Re8 13. Nc3 Rxe2 14. Nxe2 Bxf3 15. gxf3 Qh4 16. f4 Bxd4 17. Nxd4 Rd8 18. Nxf5 gxf5 19. Qf3 Kh8 20. Kh1 Nd4 21. Qg3 Qf6 22. Qg5 Qc6+ 23. Qg2 Nf3 24. Rg1 Nxg1 25. Qxc6 bxc6 26. Kxg1 Rd4 27. b3 Rd2 28. a3 Rd3 29. a4 Kg7 30. Kg2 Kf6 31. b4 Rd4 32. Rc1 Rxf4 33. b5 cxb5 34. axb5 Ke7 35. f3 Rd4 36. Kf2 f4 37. Ke2 Rd6 38. Ra1 Rd7 39. c5 Rc7 40. b6 axb6 41. cxb6 Rc2+ 42. Kd3 Rb2 43. Ra7+ Kd6 44. Rxf7 Rxh2 45. Rxf4 Rb2 46. Ke4 Ke6 47. Rg4 Rxb6 48. Kf4 Kf6 49. Kg3 Rb1 50. Rh4 Kg6 51. Rg4+ Kf5 52. Ra4 Rg1+ 53. Kf2 Rg7 54. Ra5+ Kf4 55. Ra4+ Kf5 56. Ra5+ Kf4 57. Ra4+ Kf5 1/2-1/2

[Event "European Online Club-ch-F 2021"]
[Site "Online"]
[Date "2021.03.27"]
[Round "7.5"]
[White "Gokerkan, Cem Kaan"]
[Black "Kovalev, Vladislav"]
[Result "0-1"]
[ECO "C54"]
[WhiteElo "2470"]
[BlackElo "2648"]
[Annotator "ChessBase"]
[PlyCount "86"]
[EventDate "2021.03.27"]
[EventType "team-tourn"]
[EventCountry "NET"]
[SourceTitle "playchess.com"]
[Source "ChessBase"]
[SourceQuality "1"]
[TimeControl "900+5"]

1. e4 e5 2. Nf3 Nc6 3. Bc4 Nf6 4. d3 Bc5 5. c3 a6 6. Bb3 d6 7. Nbd2 h6 8. Nf1 O-O 9. Ng3 Be6 10. O-O Ba7 11. Qe2 Qd7 12. Nh4 Ne7 13. Kh1 Bxb3 14. axb3 Qg4 15. Qxg4 Nxg4 16. Kg1 Kh7 17. h3 Nf6 18. Nhf5 Nxf5 19. Nxf5 d5 20. exd5 Nxd5 21. Re1 Rfe8 22. Ra4 Rad8 23. Rae4 Nf6 24. Rxe5 Rxe5 25. Rxe5 Rxd3 26. Be3 Rd1+ 27. Kh2 Bxe3 28. Nxe3 Rd2 29. Re7 Rxf2 30. Rxc7 b5 31. b4 Ne4 32. Re7 Ng5 33. Ra7 f5 34. h4 Ne4 35. Re7 Kg6 36. h5+ Kxh5 37. Rxg7 f4 38. Nd5 Rf1 39. Re7 Nf2 40. Nxf4+ Kg4 41. g3 Kf3 42. Re3+ Kxe3 43. Kg2 Rd1 0-1

[Event "European Online Club-ch-F 2021"]
[Site "Online"]
[Date "2021.03.27"]
[Round "7.6"]
[White "Zhigalko, Andrey"]
[Black "Ozen, Deniz"]
[Result "1-0"]
[ECO "A20"]
[WhiteElo "2517"]
[BlackElo "2397"]
[Annotator "ChessBase"]
[PlyCount "87"]
[EventDate "2021.03.27"]
[EventType "team-tourn"]
[EventCountry "NET"]
[SourceTitle "playchess.com"]
[Source "ChessBase"]
[SourceQuality "1"]
[TimeControl "900+5"]

1. c4 e5 2. g3 Nf6 3. Bg2 c6 4. Nf3 e4 5. Nd4 d5 6. cxd5 Qxd5 7. e3 Bc5 8. d3 Bxd4 9. exd4 Qxd4 10. dxe4 Qxd1+ 11. Kxd1 Be6 12. h3 Nbd7 13. Be3 O-O-O 14. Kc2 Ne5 15. Nd2 Rhe8 16. Rad1 b6 17. f4 Ned7 18. Rhe1 Nb8 19. f5 Bxa2 20. Ra1 Na6 21. Kc3 Nd7 22. Rxa2 Nc7 23. Bf1 a5 24. Raa1 Kb7 25. Kc2 Nf6 26. Bd3 Re7 27. Nc4 Nxe4 28. Bxb6 Rde8 29. Rxe4 Rxe4 30. Bxe4 Nb5 31. Bd3 f6 32. Bc5 Kc7 33. Rxa5 Re1 34. Na3 Re5 35. Nxb5+ cxb5 36. Rxb5 Kc6 37. Bf8 Re1 38. Bxg7 h5 39. Bxf6 h4 40. Bxh4 Rg1 41. Re5 Kd6 42. Re2 Rf1 43. Re6+ Kd5 44. Bxf1 1-0

[Event "European Online Club-ch-F 2021"]
[Site "Online"]
[Date "2021.03.27"]
[Round "7.7"]
[White "Ozen, Bahadir"]
[Black "Kazakouski, Valery"]
[Result "1/2-1/2"]
[ECO "D39"]
[WhiteElo "2369"]
[BlackElo "2476"]
[Annotator "ChessBase"]
[PlyCount "67"]
[EventDate "2021.03.27"]
[EventType "team-tourn"]
[EventCountry "NET"]
[SourceTitle "playchess.com"]
[Source "ChessBase"]
[SourceQuality "1"]
[TimeControl "900+5"]

1. Nf3 Nf6 2. c4 e6 3. d4 d5 4. Nc3 Bb4 5. Bg5 dxc4 6. e4 h6 7. Bxf6 Qxf6 8. Bxc4 c5 9. O-O O-O 10. e5 Qd8 11. Ne4 cxd4 12. Qxd4 Qxd4 13. Nxd4 Bd7 14. Rfd1 Rd8 15. f4 Nc6 16. Nb5 Na5 17. Be2 Bxb5 18. Bxb5 a6 19. Be2 Nc6 20. Rxd8+ Rxd8 21. Rd1 Rxd1+ 22. Bxd1 Be7 23. a3 f6 24. exf6 gxf6 25. g4 f5 26. gxf5 exf5 27. Ng3 Bd6 28. Nxf5 Bxf4 29. Bb3+ Kf8 30. Bd5 Bc1 31. Nd6 Bxb2 32. Nxb7 Ne7 33. Bc4 Bxa3 34. Bxa6 1/2-1/2

[Event "European Online Club-ch-F 2021"]
[Site "Online"]
[Date "2021.03.27"]
[Round "7.8"]
[White "Meribanov, Vitaly"]
[Black "Kamer, Kayra"]
[Result "1-0"]
[ECO "B43"]
[WhiteElo "2406"]
[BlackElo "2339"]
[Annotator "NA"]
[PlyCount "95"]
[EventDate "2021.03.27"]
[EventType "team-tourn"]
[EventCountry "NET"]
[SourceTitle "playchess.com"]
[Source "ChessBase"]
[SourceQuality "1"]
[TimeControl "900+5"]

1. e4 c5 2. Nf3 e6 3. Nc3 a6 4. d4 cxd4 5. Nxd4 b5 6. Bd3 Qb6 7. Nf3 Qc7 8. e5 Bb7 9. O-O d5 10. Re1 Nd7 11. Bf4 Bc5 12. Ng5 h6 13. Qh5 hxg5 14. Qxh8 O-O-O 15. Bxg5 Ngf6 16. Qxg7 Bxf2+ 17. Kxf2 Ng4+ 18. Kg3 f6 19. Bf4 fxe5 20. Qxg4 exf4+ 21. Kf2 b4 22. Na4 e5 23. Bf5 Bc6 24. b3 Qa7+ 25. Kf1 Kb8 26. Qh4 Bb5+ 27. Bd3 Rf8 28. Qe7 f3 29. Qd6+ Kc8 30. g3 e4 31. Bxb5 axb5 32. Qxd5 e3 33. Qc6+ Kd8 34. Nb6 e2+ 35. Kf2 Nxb6 36. Qc5 Rf6 37. a4 Qh7 38. h4 Qd7 39. axb5 Qh3 40. Ra7 Qg2+ 41. Ke3 Re6+ 42. Kf4 Rf6+ 43. Ke3 Re6+ 44. Kd2 Qxg3 45. Qf8+ Re8 46. Qf6+ Kc8 47. Qc6+ Kd8 48. Qxb6+ 1-0

[Event "European Online Club-ch-F 2021"]
[Site "Online"]
[Date "2021.03.27"]
[Round "7.9"]
[White "Hellers, Ferdinand"]
[Black "Kovalenko, Igor"]
[Result "1/2-1/2"]
[ECO "A48"]
[WhiteElo "2592"]
[BlackElo "2643"]
[Annotator "ChessBase"]
[PlyCount "135"]
[EventDate "2021.03.27"]
[EventType "team-tourn"]
[EventCountry "NET"]
[SourceTitle "playchess.com"]
[Source "ChessBase"]
[SourceQuality "1"]
[TimeControl "900+5"]

1. d4 Nf6 2. Nf3 b6 3. Bf4 Bb7 4. e3 g6 5. h3 Bg7 6. Be2 d6 7. O-O O-O 8. c4 Ne4 9. Nbd2 Nxd2 10. Qxd2 Nd7 11. Rfd1 e6 12. Rac1 h6 13. b4 Nf6 14. c5 g5 15. Bh2 Ne4 16. Qc2 Bd5 17. Bc4 Qf6 18. Bd3 Qg6 19. cxd6 cxd6 20. Bxd6 Rfd8 21. Ne5 Bxe5 22. Bxe5 f6 23. Bh2 f5 24. f3 Nf6 25. Re1 Bb7 26. Qc7 Rd7 27. Qe5 Qf7 28. e4 f4 29. h4 Nh7 30. Bc4 Re7 31. Qd6 Rae8 32. Bb3 Nf8 33. hxg5 hxg5 34. Qe5 Qg7 35. Qxg7+ Kxg7 36. Kf2 Rd8 37. Red1 Red7 38. Ke1 Kf6 39. Bg1 g4 40. Rc3 g3 41. Rdc1 Ng6 42. Bc4 Rh8 43. R3c2 Rh1 44. Kd2 Nh4 45. Kc3 Rc7 46. Kb2 b5 47. Bxb5 Rxc2+ 48. Kxc2 Nxg2 49. Kd2 Nh4 50. Be2 Ba6 51. d5 Bxe2 52. Kxe2 e5 53. b5 Ng6 54. a4 Nf8 55. a5 Nd7 56. Kf1 Nf8 57. Kg2 Rh7 58. Rc6+ Kg5 59. b6 axb6 60. Bxb6 Rh2+ 61. Kg1 Ra2 62. Bd8+ Kh5 63. a6 Nd7 64. Rc7 Ra1+ 65. Kg2 Ra2+ 66. Kg1 Ra1+ 67. Kg2 Ra2+ 68. Kg1 1/2-1/2

[Event "European Online Club-ch-F 2021"]
[Site "Online"]
[Date "2021.03.27"]
[Round "7.10"]
[White "Smirin, Ilia"]
[Black "Rogule, Laura"]
[Result "0-1"]
[ECO "B31"]
[WhiteElo "2614"]
[BlackElo "2286"]
[Annotator "ChessBase"]
[PlyCount "64"]
[EventDate "2021.03.27"]
[EventType "team-tourn"]
[EventCountry "NET"]
[SourceTitle "playchess.com"]
[Source "ChessBase"]
[SourceQuality "1"]
[TimeControl "900+5"]

1. e4 c5 2. Nf3 Nc6 3. Bb5 g6 4. c3 Bg7 5. d4 Qa5 6. Bxc6 dxc6 7. O-O cxd4 8. cxd4 Bg4 9. Be3 Rd8 10. Nbd2 e5 11. dxe5 Bxf3 12. Qxf3 Rxd2 13. Bxd2 Qxd2 14. Rad1 Qa5 15. Rd7 Nh6 16. e6 O-O 17. e7 Re8 18. Rxb7 Qe5 19. Rd1 Bf6 20. Rdd7 Rxe7 21. Rxe7 Bxe7 22. g3 Bc5 23. b4 Bd4 24. a4 Qe6 25. Rb8+ Kg7 26. Kg2 Ng4 27. Qd3 Qf6 28. f4 Bb6 29. e5 Qe6 30. Qe2 Qd5+ 31. Kh3 Nf2+ 32. Kh4 Bd8+ 0-1

[Event "European Online Club-ch-F 2021"]
[Site "Online"]
[Date "2021.03.27"]
[Round "7.13"]
[White "Sochacki, Christophe"]
[Black "Maghsoodloo, Parham"]
[Result "1-0"]
[ECO "C14"]
[WhiteElo "2477"]
[BlackElo "2676"]
[Annotator "ChessBase"]
[PlyCount "67"]
[EventDate "2021.03.27"]
[EventType "team-tourn"]
[EventCountry "NET"]
[SourceTitle "playchess.com"]
[Source "ChessBase"]
[SourceQuality "1"]
[TimeControl "900+5"]

1. d4 Nf6 2. Nc3 e6 3. e4 d5 4. Bg5 Be7 5. e5 Nfd7 6. h4 a6 7. Qg4 Kf8 8. f4 c5 9. dxc5 Nc6 10. O-O-O Nxc5 11. Nf3 b5 12. Bd3 Qa5 13. Kb1 b4 14. Ne2 Bxg5 15. fxg5 b3 16. axb3 Nb4 17. Nc1 Bd7 18. Nd4 Bb5 19. Rhf1 Kg8 20. h5 Bxd3 21. cxd3 Rc8 22. g6 hxg6 23. hxg6 Rh6 24. gxf7+ Kf8 25. Rf6 gxf6 26. Qg8+ Ke7 27. Qxc8 Kxf7 28. Nxe6 Nxe6 29. Qd7+ Kf8 30. Qxe6 Qc7 31. Rf1 Qc2+ 32. Ka1 Qc6 33. Qg4 Kf7 34. Qxb4 1-0

[Event "European Online Club-ch-F 2021"]
[Site "Online"]
[Date "2021.03.27"]
[Round "7.14"]
[White "Amin, Bassem"]
[Black "Maatoug, Redwan"]
[Result "1-0"]
[ECO "B50"]
[WhiteElo "2695"]
[BlackElo "2202"]
[Annotator "ChessBase"]
[PlyCount "61"]
[EventDate "2021.03.27"]
[EventType "team-tourn"]
[EventCountry "NET"]
[SourceTitle "playchess.com"]
[Source "ChessBase"]
[SourceQuality "1"]
[TimeControl "900+5"]

1. e4 c5 2. Nf3 Nc6 3. g3 g6 4. Bg2 Bg7 5. O-O d6 6. c3 Nf6 7. Re1 O-O 8. h3 Ne5 9. d4 Nxf3+ 10. Qxf3 cxd4 11. cxd4 Qb6 12. Qd3 Be6 13. Nc3 Rac8 14. b3 Qa6 15. Qxa6 bxa6 16. Bb2 Nd7 17. Rad1 Nb6 18. e5 dxe5 19. dxe5 Rcd8 20. Ne4 Bd5 21. Nc5 Bxg2 22. Kxg2 Rxd1 23. Rxd1 a5 24. a4 Rc8 25. Nb7 h5 26. Rd8+ Rxd8 27. Nxd8 Nd7 28. Nc6 Kf8 29. Bd4 a6 30. f4 f6 31. e6 1-0

[Event "European Online Club-ch-F 2021"]
[Site "Online"]
[Date "2021.03.27"]
[Round "7.15"]
[White "Cantin, Loic"]
[Black "Van Wely, Loek"]
[Result "0-1"]
[ECO "E60"]
[WhiteElo "2182"]
[BlackElo "2620"]
[Annotator "ChessBase"]
[PlyCount "78"]
[EventDate "2021.03.27"]
[EventType "team-tourn"]
[EventCountry "NET"]
[SourceTitle "playchess.com"]
[Source "ChessBase"]
[SourceQuality "1"]
[TimeControl "900+5"]

1. Nf3 Nf6 2. c4 g6 3. d4 Bg7 4. g3 c5 5. d5 b5 6. cxb5 a6 7. bxa6 d6 8. Bg2 O-O 9. O-O Nxa6 10. Nc3 Bf5 11. Nd2 Nb4 12. Nc4 Ng4 13. h3 Ne5 14. Ne3 Bc8 15. Bd2 Qb6 16. a3 Na6 17. f4 Nd7 18. Nc4 Qd8 19. Ne4 Nc7 20. Bc3 Ba6 21. b3 Bxc3 22. Nxc3 Nb5 23. Nxb5 Bxb5 24. Qc2 Nb6 25. e4 Bxc4 26. bxc4 Ra4 27. Rfb1 Rxc4 28. Qb3 Rd4 29. a4 Nc4 30. Qc3 Nd2 31. Re1 Qb6 32. a5 Qb5 33. Rad1 Nb3 34. Rb1 Rd3 35. Qc2 c4 36. Bf1 Qc5+ 37. Kh1 Rxg3 38. Bxc4 Nxa5 39. Kh2 Rf3 0-1

[Event "European Online Club-ch-F 2021"]
[Site "Online"]
[Date "2021.03.27"]
[Round "7.16"]
[White "Hamdouchi, Hicham"]
[Black "Saatdjian, Stephane"]
[Result "1-0"]
[ECO "B23"]
[WhiteElo "2561"]
[BlackElo "2131"]
[Annotator "ChessBase"]
[PlyCount "53"]
[EventDate "2021.03.27"]
[EventType "team-tourn"]
[EventCountry "NET"]
[SourceTitle "playchess.com"]
[Source "ChessBase"]
[SourceQuality "1"]
[TimeControl "900+5"]

1. e4 c5 2. Nc3 a6 3. g4 b5 4. Bg2 Bb7 5. Nh3 e6 6. O-O b4 7. Ne2 d5 8. d3 dxe4 9. Ng3 Nf6 10. g5 Nd5 11. dxe4 Nb6 12. Qg4 N8d7 13. Bf4 Nc4 14. Qe2 Nxb2 15. Rab1 Na4 16. Bd2 Be7 17. f4 a5 18. Rf2 Ba6 19. Qf3 Bc4 20. f5 Ne5 21. Qh5 O-O 22. f6 gxf6 23. gxf6 Bxf6 24. Bg5 Nd7 25. e5 Be7 26. Be4 f5 27. exf6 1-0